 Dungeon Crawl Stone Soup version 0.17-a0-1497-g03599f7 (webtiles) character file.

69 urechis the Skirmisher (level 4, -2/29 HPs)
             Began as a Gargoyle Fighter on July 6, 2015.
             Killed from afar by Sigmund (7 damage)
             ... with a magic dart
             ... on level 2 of the Dungeon.
             The game lasted 00:01:41 (1043 turns).

urechis the Skirmisher (Gargoyle Fighter)           Turns: 1043, Time: 00:01:41

Health: -2/29      AC: 10    Str: 20    XL:     4   Next: 20%
Magic:  13/13      EV:  7    Int:  8    God:
Gold:   99         SH:  9    Dex: 10    Spells: 0 memorised, 3 levels left

rFire  . . .     SeeInvis .     a - +0 flail
rCold  . . .     Clarity  .     b - +0 scale mail
rNeg   + . .     SustAt   .     c - +0 shield
rPois  ∞         Gourm    .     (no helmet)
rElec  +         Spirit   .     (no cloak)
rCorr  .         Warding  .     (no gloves)
rMut   .         Stasis   .     (no boots)
MR     .....                    (no amulet)
Stlth  ..........               (no ring)
                                g - ring of magical power

@: not resistant to hostile enchantments, extremely unstealthy
A: negative energy resistance 1, electricity resistance, unbreathing,
petrification resistance, rot immunity, AC +3
a: no special abilities


You were on level 2 of the Dungeon.
You were hungry.

You visited 1 branch of the dungeon, and saw 2 of its levels.

You collected 99 gold pieces.

Inventory:

Hand weapons
 a - a +0 flail (weapon)
Armour
 b - a +0 scale mail (worn)
 c - a +0 shield (worn)
Jewellery
 g - a ring of magical power (left hand)
Scrolls
 h - a scroll of magic mapping {unknown}
 k - 2 scrolls of fog {unknown}
 l - 2 scrolls of blinking {unknown}
 m - a scroll of random uselessness {unknown}
 o - a scroll of identify {unknown}
 q - 2 scrolls of remove curse {unknown}
 r - a scroll of amnesia {unknown}
Potions
 d - a potion of might
 f - a potion of resistance {unknown}
 i - a potion of degeneration {unknown}
 j - a potion of invisibility {unknown}
 n - a potion of agility {unknown}
 p - a potion of curing {unknown}
Comestibles
 e - a bread ration
 s - 2 meat rations


   Skills:
 + Level 4.0 Fighting
 * Level 3.8 Maces & Flails
 - Level 3.2 Armour
 - Level 3.2 Shields


You had 3 spell levels left.
You didn't know any spells.

Dungeon Overview and Level Annotations

Branches:
Dungeon (2/15)

Altars:
Dithmenos
Fedhas
Gozag
Makhleb
Qazlal
Sif Muna
Zin
The Shining One

Annotations:
D:2 Sigmund


Innate Abilities, Weirdness & Mutations

You are resistant to torment.
Your stone body is resilient (AC +3).
You are immune to poison.
You resist negative energy.
You are resistant to electric shocks.
You can survive without breathing.
You are immune to petrification.
You are immune to rotting.


Message History

Sigmund flickers and vanishes!
Deactivating autopickup; reactivate with Ctrl-A.
You sock something!
You hear some strange, mumbled words.
A puff of flame appears from out of thin air!
You block the puff of flame.
You closely miss something. Something hits you but does no damage.
You barely miss something.
You hear some strange, mumbled words.
A puff of flame appears from out of thin air!
The puff of flame hits you!
* * * LOW HITPOINT WARNING * * *
You hit something. You block its attack.
You closely miss something. You block its attack.
You barely miss something. You miss something.
You hear some strange, mumbled words.
A magic dart appears from out of thin air!
The magic dart hits you!
You die...

###...##.# ####.# .#
###...##.# #.# .#
#..._....# #.### .#
#._......# ...##.#
.........# #..#..#
._..8.._.# #..#.#
.........# #...!#
......_.##########..(.#
...._...###.....@{.#..#
............>.........#
........########.#.##.#
........# #.#### ...
......_.# #.# #.##
........# #.# .#
######### ## .# ##


There were no monsters in sight!

Vanquished Creatures
  Terence (D:2)
  An adder (D:2)
  2 giant geckos
  A giant cockroach (D:1)
  A hobgoblin (D:2)
  10 jackals (D:2)
  A quokka (D:2)
  A ball python (D:2)
  3 bats
  3 giant newts (D:1)
  4 goblins
  3 kobolds (D:2)
  2 rats (D:2)
33 creatures vanquished.

Notes
Turn   | Place    | Note
--------------------------------------------------------------
     0 | D:1      | urechis the Gargoyle Fighter began the quest for the Orb.
     0 | D:1      | Reached XP level 1. HP: 14/14 MP: 1/1
   275 | D:1      | Reached XP level 2. HP: 19/19 MP: 2/2
   695 | D:2      | Noticed Terence
   711 | D:2      | Killed Terence
   711 | D:2      | Reached XP level 3. HP: 16/24 MP: 3/3
   738 | D:2      | Found a burning altar of Makhleb.
   740 | D:2      | Found a blossoming altar of Fedhas.
   741 | D:2      | Found a stormy altar of Qazlal.
   741 | D:2      | Found a glowing silver altar of Zin.
   741 | D:2      | Found a shadowy altar of Dithmenos.
   741 | D:2      | Found a glowing golden altar of the Shining One.
   745 | D:2      | Found an opulent altar of Gozag.
   782 | D:2      | Found a deep blue altar of Sif Muna.
   811 | D:2      | Reached XP level 4. HP: 27/29 MP: 4/4
   849 | D:2      | Reached skill level 4 in Fighting
   999 | D:2      | Noticed Sigmund
  1043 | D:2      | Killed from afar by Sigmund

Vault maps used:
D:1:      noname_arrival_rooms_in_the_neighbourhood, st_stairs_13
D:2:      nicolae_gozag_seed_capital, grunt_temple_overflow_open,
          lemuel_crystal_altar, first_bread, uniq_sigmund, uniq_terence

Action                   |  1- 3 |  4- 6 || total
-------------------------+-------+-------++-------
Melee: Flail             |    83 |    46 ||   129
